 Dungeon Crawl Stone Soup version 0.31-a0-236-g9a0961fb85 (webtiles) character file.

Game seed: 10071868502238318209

297994 Shard1697 the Executioner (level 22, -16/289 (309) HPs)
             Began as a Meteoran Berserker on July 11, 2023.
             Was the Champion of Trog.
             Shot with a bolt by a yaktaur captain (20 damage)
             ... on level 5 of the Vaults.
             The game lasted 01:30:01 (17619 turns).

Shard1697 the Executioner (Meteoran Berserker)     Turns: 17619, Time: 01:30:01

HP:   -16/289 (309) AC: 35    Str: 26    XL:     22   Next: 83%
MP:   0/7           EV: 28    Int: 10    God:    Trog [******]
Gold: 2836          SH: 15    Dex: 21    Spells: 21/21 levels left

rFire   + . .        a - +9 broad axe (antimagic)
rCold   + . .        Q - +0 buckler {rC+}
rNeg    . . .        O - +3 storm dragon scales {Bai Suzhen}
rPois   .            y - +1 helmet
rElec   +            h - +2 cloak
rCorr   .            K - +2 pair of gloves
SInv    .            H - +2 pair of boots {Fly}
Will    ++...        Y - brooch of Shielding {Spirit SH+8} Stlth
                     F - +5 ring of evasion
HPRegen 0.68/turn    P - ring "Valill" {rF+ EV+5 Dex+3 Stlth+}
MPRegen 0.10/turn

%: guardian spirit
@: berserking (expiring), flying, glowing, drained, very quick
A: sense surroundings 3, otherworldly, glowing, explore regen
}: 2/15 runes: decaying, gossamer
a: Renounce Religion, Berserk, Trog's Hand, Brothers in Arms


You were on level 5 of the Vaults.
You worshipped Trog.
Trog was exalted by your worship.
You visited 7 branches of the dungeon, and saw 35 of its levels.
You also visited: Ossuary, Bailey and Ice Cave.

You collected 3812 gold pieces.
You spent 976 gold pieces at shops.

Inventory:

Hand Weapons
 a - a +9 antimagic broad axe (weapon)
 b - a +8 war axe of flaming
Armour
 h - a +2 cloak (worn)
 n - the +8 fire dragon scales of the Amoeba {Fly rF++ rC- Will+ Int+3}
   (You found it on level 7 of the Dungeon)

   Int:       It affects your intelligence (+3).
   rF:        It greatly protects you from fire.
   rC:        It makes you vulnerable to cold.
   Fly:       It grants you flight.
   Will:      It increases your willpower.
 p - the +1 pair of gloves of the Onion {Harm rPois Str+3}
   (You bought it in a shop on level 5 of the Vaults)

   Str:       It affects your strength (+3).
   rPois:     It protects you from poison.
   Harm:      It increases damage dealt and taken.
 y - a +1 helmet (worn)
 H - a +2 pair of boots of flying (worn)
 K - a +2 pair of gloves (worn)
 O - +3 storm dragon scales (worn) {Bai Suzhen}
 Q - a +0 buckler of cold resistance (worn)
 Z - a +0 tower shield
Jewellery
 i - a ring of poison resistance
 s - the ring of Demons {rN+ Dex+2}
   (You found it in an ice cave)

   [ring of positive energy]

   Dex:       It affects your dexterity (+2).
   rN:        It protects you from negative energy.
 C - a ring of protection from cold
 F - a +5 ring of evasion (left hand)
 P - the ring "Valill" (right hand) {rF+ EV+5 Dex+3 Stlth+}
   (You found it in an ice cave)

   [ring of evasion]

   EV:        It affects your evasion (+5).
   Dex:       It affects your dexterity (+3).
   rF:        It protects you from fire.
   Stlth:     It makes you more stealthy.
 X - a ring of protection from fire
 Y - the brooch of Shielding (around neck) {Spirit SH+8}
   (You took it off a fire giant on level 5 of the Vaults)

   [amulet of guardian spirit]

   It causes incoming damage to be divided between your reserves of health and
   magic.
   SH:        It affects your SH (+8).
Wands
 k - a wand of iceblast (12)
 q - a wand of charming (14)
 u - a wand of quicksilver (14)
 L - a wand of digging (9)
 N - a wand of flame (30)
 W - a wand of mindburst (6)
Scrolls
 j - 2 scrolls of silence
 m - 10 scrolls of teleportation
 r - 4 scrolls of fog
 w - 8 scrolls of blinking
 x - 4 scrolls of fear
 B - 4 scrolls of enchant weapon
 G - a scroll of poison
 M - a scroll of summoning
 S - 8 scrolls of identify
 V - 2 scrolls of revelation
Potions
 c - 5 potions of magic
 d - 2 potions of might
 e - 8 potions of curing
 f - 3 potions of lignification
 l - 5 potions of mutation
 o - 2 potions of cancellation
 z - a potion of haste
 A - 2 potions of resistance
 D - 7 potions of attraction
 E - 2 potions of enlightenment
 I - 3 potions of berserk rage
 J - a potion of heal wounds
 U - 3 potions of ambrosia
Miscellaneous
 g - a phial of floods
 v - a lightning rod (4/4)
 R - a phantom mirror


   Skills:
 + Level 19.6 Fighting
 + Level 24.0 Axes
 + Level 17.7 Armour
 - Level 14.4 Dodging
 - Level 6.3 Stealth
 - Level 9.6 Shields
 + Level 17.3 Evocations


You had 21 spell levels left.
You didn't know any spells.
Your spell library was empty.

Dungeon Overview and Level Annotations

Branches:
Dungeon (14/15) Zot: 1746  Temple (1/1) D:6 Zot: 598    Lair (5/5) D:9 Zot: 445
  Swamp (4/4) Lair:3 Zot: 515  Spider (4/4) Lair:2 Zot: 288   Slime (0/5) Lair:4
    Orc (2/2) D:10 Zot: 446     Elf (0/3) Orc:2        Vaults (5/5) D:14 Zot: 905
  Crypt (0/3) Vaults:2    Ossuary (visited)          Bailey (visited)
  IceCv (visited)

Altars:
Ashenzari
Elyvilon
Fedhas
Kikubaaqudgha
Makhleb
Okawaru
Trog
Uskayaw
Wu Jian
Xom
Zin
The Shining One
Jiyva

Shops:
D:4 :   D:5 !?   D:8 (   Orc:2 [?[   Vaults:5 [

Annotations:
Swamp:1 1 transporter, Vioczuc's ghost, adept TrCK
Spider:2 exclusion: door


Innate Abilities, Weirdness & Mutations

You passively map a large area around you.
You are easily found by Zot.
You glow in the dark.
You regain HP and MP as you explore.


Message History

The ironbound preserver's magic leaks into the air.
You slice the vault warden!!
The vault warden's magic leaks into the air.
The deep troll completely misses you. You block the deep troll's attack. x2
The ironbound preserver falters for a moment.
You block the vault warden's attack.
You chop the deep troll into pieces!!!
You kill the deep troll!
Trog accepts your kill.
You closely miss the vault warden. You slash the ironbound preserver!
You kill the ironbound preserver!
Trog accepts your kill.
Trog appreciates your killing of a magic user.
You slash the vault warden!
The vault warden's magic leaks into the air.
The vault warden is moderately wounded.
The yaktaur captain wields a +0 arbalest.
The yaktaur captain shoots a bolt.
The bolt hits you!!
* * * LOW HITPOINT WARNING * * *
The vault warden closely misses you.
You slash the vault warden!
The vault warden's magic leaks into the air.
The vault warden is moderately wounded.
You closely miss the vault warden.
The vault warden is moderately wounded.
You block the vault warden's attack.
You slash the vault warden!
The vault warden's magic leaks into the air.
The vault warden is heavily wounded.
The yaktaur captain shoots a bolt.
The bolt hits you!!
* * * LOW HITPOINT WARNING * * *
You closely miss the vault warden.
The vault warden is heavily wounded.
You slice the vault warden!!
The vault warden's magic leaks into the air.
The vault warden is severely wounded.
The vault warden hits you with a +0 war axe!
* * * LOW HITPOINT WARNING * * *
The yaktaur captain shoots a bolt.
The bolt hits you!!
You die...

#....######## *
* *
#........... ,
, #...........
, ,,,
#..........., ,
, ,
#..)........ ,,
#....########**
* #...###.#)..#
* #..#.#))c#, *
#...p@#)## , ,
* #..#†###c#
#..##. /.#,** ,
* #..* ).*.##*
* #.. .###. *
#.. #. ,. ,*
**,.,*.#* *, *
,*.#** , *, ,
** , * * ,


You could see a vault warden (magic disrupted) and a yaktaur captain.

Vanquished Creatures
  Bai Suzhen (Swamp:3)
  the Lernaean hydra (Swamp:4)
  Nikola (Swamp:2)
  Jorgrun (D:14)
  2 quicksilver dragons (Vaults:5)
  3 titans (Vaults:5)
  A sphinx (Vaults:1)
  Frances (Swamp:1)
  5 tengu reavers (Vaults:5)
  A storm dragon (Vaults:5)
  4 shadow dragons (Vaults:5)
  2 fenstrider witches (Swamp:4)
  3 fire giants (Vaults:5)
  Aizul (Vaults:4)
  7 vault wardens
  An emperor scorpion (Spider:4)
  2 iron dragons (Vaults:5)
  3 deep elf sorcerers (Vaults:5)
  5 ghost moths
  3 formless jellyfish
  A ghoul (Vaults:2)
  6 war gargoyles
  10 ironbound preservers
  6 very ugly things
  A stone giant (Vaults:5)
  3 broodmothers
  3 ironbound thunderhulks
  5 eleionomae
  2 deep elf annihilators (Vaults:5)
  2 deep elf demonologists (Vaults:5)
  6 dire elephants (Vaults:3)
  5 bunyips
  4 spark wasps
  A deep elf death mage (Vaults:5)
  Josephine (D:11)
  5 ettins
  3 crystal guardians
  A deep elf high priest (Vaults:5)
  A great orb of eyes (Vaults:3)
  A fire dragon (Lair:5)
  Harold (D:11)
  5 entropy weavers
  4 yaktaur captains
  3 ice dragons (IceCv)
  19 vault guards
  18 hydras
  2 catoblepae
  3 ghost crabs
  4 peacekeepers
  3 boulder beetles
  Erica (D:8)
  2 radroaches
  4 ironbound frosthearts
  4 ogre magi (Orc:2)
  4 alligators
  An anaconda (shapeshifter) (Vaults:5)
  8 centaur warriors
  3 dancing weapons
  An anaconda (Swamp:2)
  A death knight (D:14)
  7 demonic crawlers
  10 death yaks
  19 two-headed ogres
  A tengu warrior (D:13)
  2 orc high priests (Orc:1)
  6 pharaoh ants
  Nergalle (D:11)
  A skyshark (Lair:5)
  A shadow wraith (Vaults:5)
  5 skeletal warriors
  A glowing orange brain (Vaults:4)
  A sun moth (Spider:3)
  3 spriggan druids
  29 deep trolls
  3 goliath frogs
  9 swamp dragons
  7 orb spiders
  11 bog bodies
  9 ironbound convokers
  6 lindwurms
  Pikel (D:7)
  3 steelbarb worms
  4 harpies (Vaults:2)
  3 wizards
  2 orc knights (Vaults:5)
  A flayed ghost (Vaults:5)
  An orange crystal statue (IceCv)
  3 phantasmal warriors
  A manticore (D:13)
  2 orc sorcerers
  17 wolf spiders
  A deep elf pyromancer (D:13)
  4 will-o-the-wisps
  A faun (shapeshifter) (Vaults:5)
  8 ugly things
  12 cyclopes
  4 moths of wrath
  12 elephants
  9 black mambas
  13 cane toads
  7 vault sentinels
  2 storm dragon simulacra (IceCv)
  An unseen horror (D:12)
  3 molten gargoyles (Lair:5)
  4 torpor snails
  Maggie (D:10)
  2 rime drakes
  An efreet (D:13)
  10 yaktaurs
  7 komodo dragons
  3 freezing wraiths
  7 polar bears
  4 trolls
  7 meliai
  A spectral skyshark (Lair:3)
  5 golden dragon simulacra (IceCv)
  9 tyrant leeches
  11 hornets
  22 tarantellas
  11 dream sheep
  17 blink frogs
  A jumping spider (shapeshifter) (D:13)
  32 jumping spiders
  A culicivora (shapeshifter) (Vaults:5)
  9 slime creatures
  A flying skull (Vaults:2)
  7 wraiths
  12 spriggans
  16 culicivoras
  9 wyverns
  2 shadows
  Eustachio (D:6)
  26 yaks
  3 basilisks (Lair:5)
  4 steam dragons
  39 redbacks
  3 wargs (D:10)
  Menkaure (D:6)
  12 swamp worms
  3 hell hounds (Lair:5)
  16 water moccasins
  Duvessa (D:6)
  14 orc warriors
  11 swamp drakes
  2 black bears
  2 ice beasts
  A spectral polar bear (Lair:3)
  9 ice dragon simulacra (IceCv)
  32 ogres
  A sky beast (D:8)
  A spectral rime drake (Lair:3)
  13 wolves
  6 centaurs
  2 phantoms
  A kobold brigand (D:9)
  4 lemures (D:7)
  4 scorpions
  5 bullfrogs
  2 gnoll sergeants (D:5)
  4 wights (D:6)
  Dowan (D:6)
  3 lindwurm simulacra (IceCv)
  6 howler monkeys
  4 electric eels
  4 centaur zombies (Ossuary)
  6 crimson imps (D:7)
  5 lava snakes (Lair:5)
  4 jellies
  A human zombie (Ossuary)
  7 orc priests
  2 hounds (D:4)
  Terence (D:3)
  A sleepcap (D:5)
  An iguana (D:5)
  11 orc wizards
  3 mummies
  4 adders
  5 gnolls
  3 shadow imps (D:7)
  3 white imps (D:7)
  2 ufetubi (D:6)
  3 worms
  2 dart slugs
  44 orcs
  2 bats
  8 endoplasms
  11 goblins
  8 hobgoblins
  A jackal (D:1)
  6 quokkas
  5 ball pythons
  A goblin zombie (Ossuary)
  10 hobgoblin zombies (Ossuary)
  16 kobolds
  11 kobold zombies (Ossuary)
  6 orc zombies (Ossuary)
  6 rats
  3 rat zombies (Ossuary)
1108 creatures vanquished.

Vanquished Creatures (collateral kills)
  A golden dragon (IceCv)
  A tentacled monstrosity (Vaults:5)
  A quicksilver dragon (Vaults:5)
  2 vault wardens (Vaults:5)
  An ironbound preserver (Vaults:3)
  A very ugly thing (Vaults:5)
  An eleionoma (Swamp:2)
  2 dire elephants (Vaults:3)
  A deep elf death mage (Vaults:5)
  2 vault guards (Vaults:5)
  2 ice dragons (IceCv)
  A deep troll (Vaults:3)
  A wolf spider (Spider:4)
  A storm dragon simulacrum (IceCv)
  A golden dragon simulacrum (IceCv)
  2 meliai (Spider:4)
  A hornet (Spider:4)
  A tarantella (Spider:4)
  A redback (Spider:4)
  A spectral weapon (Swamp:3)
25 creatures vanquished.

Vanquished Creatures (others)
  A lich (Vaults:5)
  A vault guard (Vaults:5)
  A wolf spider (Spider:4)
  3 bloated husks
  A tyrant leech (Swamp:3)
  13 foxfires
20 creatures vanquished.

Grand Total: 1153 creatures vanquished

Notes
Turn   | Place    | Note
-------+----------+-------------------------------------------
     0 | D:1      | Shard1697 the Meteoran Berserker began the quest for the
                  | Orb.
     0 | D:1      | Reached XP level 1. HP: 19/19 MP: 2/2
   169 | D:1      | Reached skill level 4 in Axes
   177 | D:1      | Reached XP level 2. HP: 26/26 MP: 3/3
   220 | D:1      | Found a faded altar of an unknown god.
   270 | D:1      | Reached XP level 3. HP: 25/31 MP: 4/4
   274 | D:1      | Reached skill level 5 in Axes
   313 | D:2      | Reached ** piety under Trog
   367 | D:2      | Reached XP level 4. HP: 16/38 MP: 5/5
  1185 | D:3      | Identified the +4 mace "Trog's Hatred" {antimagic, *Slow
                  | rC+++ Will- Stlth+}
  1188 | D:3      | Reached skill level 6 in Axes
  1269 | D:4      | Noticed a water moccasin
  1279 | D:4      | Killed a water moccasin
  1280 | D:4      | Reached skill level 7 in Axes
  1280 | D:4      | Reached XP level 5. HP: 45/45 MP: 6/6
  1280 | D:4      | Reached XP level 6. HP: 51/51 MP: 7/7
  1374 | D:4      | Identified the +4 flail of the Inviting Seer {flame, *Rage
                  | rElec rPois rN+++}
  1391 | D:4      | Reached XP level 7. HP: 27/59 MP: 8/8
  1416 | D:4      | Found Weajul's Book Emporium.
  1427 | D:4      | Reached skill level 8 in Axes
  1504 | D:4      | Reached *** piety under Trog
  1581 | D:3      | Noticed Terence
  1593 | D:3      | Killed Terence
  1826 | D:5      | Entered Level 5 of the Dungeon
  1827 | D:5      | Found Byfuecuts's Magic Scroll Emporium.
  1836 | D:5      | Bought a scroll of identify for 28 gold pieces
  1836 | D:5      | Bought a scroll of enchant armour for 105 gold pieces
  1836 | D:5      | Bought a scroll of identify for 28 gold pieces
  1836 | D:5      | Bought a scroll of identify for 28 gold pieces
  1886 | D:5      | Reached skill level 5 in Fighting
  1897 | D:5      | Found Umemuimp's Distillery.
  2035 | D:5      | Reached XP level 8. HP: 42/70 MP: 9/9
  2051 | D:5      | Reached skill level 9 in Axes
  2133 | D:6      | Noticed Duvessa
  2133 | D:6      | Noticed Dowan
  2144 | D:6      | Killed Duvessa
  2153 | D:6      | Found a sand-covered staircase.
  2165 | Ossuary  | Entered an ossuary
  2226 | Ossuary  | Reached **** piety under Trog
  2297 | Ossuary  | Reached skill level 10 in Axes
  2308 | Ossuary  | Gained mutation: You passively map the area around you.
                  | [Meteoran growth]
  2308 | Ossuary  | Reached XP level 9. HP: 74/79 MP: 10/10
  2415 | D:6      | Killed Dowan
  2427 | D:6      | Found a staircase to the Ecumenical Temple.
  2629 | D:6      | Reached skill level 11 in Axes
  2640 | D:6      | Identified the +1 leather armour of the Original Sin {rElec
                  | Will+ MP+9}
  2778 | D:6      | Noticed Eustachio
  2806 | D:6      | Killed Eustachio
  2824 | D:6      | Noticed Menkaure
  2838 | D:6      | Killed Menkaure
  2839 | D:6      | Reached XP level 10. HP: 11/91 MP: 11/11
  2843 | D:6      | Reached ***** piety under Trog
  2886 | Temple   | Entered the Ecumenical Temple
  3022 | D:7      | Reached skill level 12 in Axes
  3051 | D:7      | Reached skill level 1 in Shields
  3181 | D:7      | Identified the +4 ring mail "Yduugg" {rF+}
  3304 | D:7      | Noticed Pikel
  3345 | D:7      | Killed Pikel
  3346 | D:7      | Reached skill level 10 in Fighting
  3354 | D:7      | Identified the +8 fire dragon scales of the Amoeba {Fly
                  | rF++ rC- Will+ Int+3}
  3763 | D:8      | Found Lezuf's Weapon Emporium.
  3858 | D:8      | Reached skill level 13 in Axes
  4019 | D:8      | Found a glowing silver altar of Zin.
  4019 | D:8      | Found a broken altar of Ashenzari.
  4020 | D:8      | Found an ancient bone altar of Kikubaaqudgha.
  4112 | D:8      | Noticed Erica
  4123 | D:8      | Killed Erica
  4209 | D:9      | Found a staircase to the Lair.
  4225 | D:9      | Reached skill level 5 in Armour
  4225 | D:9      | Reached XP level 11. HP: 100/100 MP: 12/12
  4245 | D:9      | Noticed a two-headed ogre
  4254 | D:9      | Killed a two-headed ogre
  4408 | D:9      | Found a flagged portal.
  4421 | Bailey   | Entered a bailey
  4456 | Bailey   | Noticed a two-headed ogre
  4464 | Bailey   | Reached skill level 5 in Shields
  4470 | Bailey   | Killed a two-headed ogre
  4471 | Bailey   | Reached skill level 14 in Axes
  4928 | D:9      | Reached skill level 1 in Evocations
  4948 | D:10     | Entered Level 10 of the Dungeon
  5145 | D:10     | Noticed Maggie
  5160 | D:10     | Killed Maggie
  5200 | D:10     | Found a staircase to the Orcish Mines.
  5241 | D:10     | Noticed a brown ugly thing
  5253 | D:10     | Killed a brown ugly thing
  5253 | D:10     | Received a gift from Trog
  5254 | D:10     | Reached XP level 12. HP: 93/106 MP: 13/13
  5329 | D:10     | Reached skill level 15 in Axes
  5502 | D:11     | Noticed a two-headed ogre
  5511 | D:11     | Killed a two-headed ogre
  5551 | D:11     | Noticed a skeletal warrior
  5551 | D:11     | Noticed a skeletal warrior
  5551 | D:11     | Noticed a skeletal warrior
  5551 | D:11     | Noticed a skeletal warrior
  5589 | D:11     | Noticed Nergalle
  5630 | D:11     | Killed Nergalle
  5662 | D:11     | Noticed Josephine
  5674 | D:11     | Killed Josephine
  5728 | D:11     | Reached skill level 10 in Armour
  5744 | D:11     | Noticed Harold
  5757 | D:11     | Killed Harold
  5813 | D:11     | Killed a skeletal warrior
  5816 | D:11     | Killed a skeletal warrior
  5817 | D:11     | Reached skill level 16 in Axes
  5817 | D:11     | Reached skill level 5 in Evocations
  5881 | D:11     | Found a glowing golden altar of the Shining One.
  5950 | D:11     | Killed a skeletal warrior
  5984 | D:11     | Reached skill level 5 in Dodging
  6086 | Lair:1   | Entered Level 1 of the Lair of Beasts
  6115 | Lair:1   | Reached XP level 13. HP: 93/113 MP: 14/14
  6560 | Lair:2   | Found an ornate altar of the Wu Jian Council.
  6562 | Lair:2   | Found a hide-covered altar of Uskayaw.
  6562 | Lair:2   | Noticed a boulder beetle
  6581 | Lair:2   | Killed a boulder beetle
  6588 | Lair:2   | Found a hole to the Spider Nest.
  6591 | Lair:2   | Noticed a death yak
  6592 | Lair:2   | Noticed a death yak
  6620 | Lair:2   | Killed a death yak
  6633 | Lair:2   | Noticed a death yak
  6636 | Lair:2   | Noticed a death yak
  6650 | Lair:2   | Killed a death yak
  6659 | Lair:2   | Killed a death yak
  6679 | Lair:2   | Killed a death yak
  6755 | Lair:2   | Reached skill level 10 in Dodging
  6764 | Lair:2   | Noticed a boulder beetle
  6931 | Lair:2   | Reached skill level 17 in Axes
  7048 | Lair:2   | Reached XP level 14. HP: 122/122 MP: 15/15
  7646 | Lair:4   | Reached ****** piety under Trog
  7646 | Lair:4   | Received a gift from Trog
  7789 | Lair:4   | Found a viscous altar of Jiyva.
  7789 | Lair:4   | Found a staircase to the Slime Pits.
  7925 | Lair:5   | Entered Level 5 of the Lair of Beasts
  8078 | Lair:5   | Reached skill level 18 in Axes
  8217 | Lair:5   | Reached XP level 15. HP: 96/133 MP: 16/16
  8337 | Lair:5   | Reached skill level 10 in Evocations
  8419 | Lair:5   | Found a large runed translucent door.
  8490 | Lair:5   | Found a large runed translucent door.
  8671 | Lair:3   | Found a staircase to the Swamp.
  8695 | Swamp:1  | Entered Level 1 of the Swamp
  8790 | Swamp:1  | Received a gift from Trog
  8837 | Swamp:1  | Noticed Frances
  8851 | Swamp:1  | Killed Frances
  8905 | Swamp:1  | Noticed a tentacled monstrosity
  8905 | Swamp:1  | Noticed a fenstrider witch
  8906 | Swamp:1  | Noticed a ghoul
  8906 | Swamp:1  | Noticed Vioczuc's ghost (adept TrCK)
  8908 | Swamp:1  | Found a transporter.
  8913 | Swamp:1  | Noticed a tentacled monstrosity
  8915 | Swamp:1  | Noticed a tentacled monstrosity
  9135 | Swamp:2  | Reached skill level 19 in Axes
  9174 | Swamp:2  | Reached XP level 16. HP: 141/144 MP: 5/17
  9282 | Swamp:3  | Noticed Bai Suzhen
  9369 | Swamp:3  | Noticed Nikola
  9381 | Swamp:2  | Killed Nikola
  9552 | Swamp:4  | Entered Level 4 of the Swamp
  9844 | Swamp:4  | Received a gift from Trog
 10069 | Swamp:4  | Reached skill level 20 in Axes
 10082 | Swamp:4  | Reached XP level 17. HP: 119/154 MP: 6/18
 10154 | Swamp:4  | Noticed a fenstrider witch
 10163 | Swamp:4  | Killed a fenstrider witch
 10225 | Swamp:4  | Reached skill level 15 in Fighting
 10316 | Swamp:4  | Noticed the 27-headed Lernaean hydra
 10327 | Swamp:4  | Killed the 27-headed Lernaean hydra
 10346 | Swamp:4  | Noticed a fenstrider witch
 10359 | Swamp:4  | Killed a fenstrider witch
 10371 | Swamp:4  | Got a decaying rune of Zot
 10451 | Swamp:3  | Killed Bai Suzhen
 10707 | Spider:1 | Entered Level 1 of the Spider Nest
 10777 | Spider:1 | Found a frozen archway.
 10801 | IceCv    | Entered an ice cave
 10887 | IceCv    | Identified the ring of Demons {rN+ Dex+2}
 11066 | IceCv    | Received a gift from Trog
 11166 | IceCv    | Noticed a golden dragon
 11175 | IceCv    | Killed a golden dragon
 11229 | IceCv    | Identified the ring "Valill" {rF+ EV+5 Dex+3 Stlth+}
 11444 | Spider:1 | Gained mutation: You passively map a large area around you.
                  | [Meteoran growth]
 11444 | Spider:1 | Reached XP level 18. HP: 129/166 MP: 6/19
 11687 | Spider:2 | Reached skill level 21 in Axes
 11936 | Spider:3 | Identified the ring of Ramiss {Fly rF- rC+ rCorr Str+4}
 11957 | Spider:3 | Received a gift from Trog
 12257 | Spider:4 | Entered Level 4 of the Spider Nest
 12439 | Spider:4 | Received a gift from Trog
 12446 | Spider:4 | Identified the +5 flail of Blood-Lust {heavy, Int+3}
 12631 | Spider:4 | Reached XP level 19. HP: 141/174 MP: 0/20
 13194 | Spider:4 | Got a gossamer rune of Zot
 13477 | Orc:1    | Entered Level 1 of the Orcish Mines
 13595 | Orc:1    | Reached skill level 22 in Axes
 13802 | Orc:2    | Entered Level 2 of the Orcish Mines
 13813 | Orc:2    | Found a staircase to the Elven Halls.
 13836 | Orc:2    | Received a gift from Trog
 14102 | Orc:2    | Reached skill level 1 in Stealth
 14102 | Orc:2    | Found Idwunox's Armour Boutique.
 14102 | Orc:2    | Found Jaku's General Store.
 14102 | Orc:2    | Found Lejidgh's Magic Scroll Emporium.
 14102 | Orc:2    | Found Bauvuyni's Armour Shop.
 14161 | Orc:2    | Bought a scroll of blinking for 97 gold pieces
 14161 | Orc:2    | Bought a scroll of identify for 26 gold pieces
 14161 | Orc:2    | Bought a scroll of fear for 52 gold pieces
 14161 | Orc:2    | Bought a scroll of identify for 26 gold pieces
 14161 | Orc:2    | Bought a scroll of blinking for 97 gold pieces
 14161 | Orc:2    | Bought a scroll of fog for 52 gold pieces
 14344 | D:12     | Found a bloodstained altar of Trog.
 14545 | D:12     | Found a white marble altar of Elyvilon.
 15050 | D:14     | Reached XP level 20. HP: 185/185 MP: 7/21
 15126 | D:14     | Noticed Jorgrun
 15147 | D:14     | Killed Jorgrun
 15214 | D:14     | Found a gate to the Vaults.
 15230 | Vaults:1 | Entered Level 1 of the Vaults
 15266 | Vaults:1 | Reached skill level 15 in Armour
 15289 | Vaults:1 | Received a gift from Trog
 15440 | Vaults:1 | Paralysed by a formless jellyfish for 1 turns
 15576 | Vaults:2 | Reached skill level 15 in Evocations
 15708 | Vaults:2 | Found a staircase to the Crypt.
 15766 | Vaults:2 | Received a gift from Trog
 15964 | Vaults:3 | Paralysed by a formless jellyfish for 1 turns
 16009 | Vaults:3 | Reached XP level 21. HP: 162/194 MP: 7/22
 16193 | Vaults:3 | Reached skill level 5 in Stealth
 16259 | Vaults:3 | Reached skill level 23 in Axes
 16463 | Vaults:4 | Noticed Aizul
 16476 | Vaults:4 | Received a gift from Trog
 16491 | Vaults:4 | Killed Aizul
 16576 | Vaults:4 | Paralysed by a formless jellyfish for 1 turns
 16770 | Vaults:5 | Entered Level 5 of the Vaults
 16780 | Vaults:5 | Noticed a tentacled monstrosity
 16792 | Vaults:5 | Killed a tentacled monstrosity
 16927 | Vaults:5 | Reached XP level 22. HP: 129/204 MP: 7/23
 16949 | Vaults:5 | Received a gift from Trog
 17060 | Vaults:5 | Found Siuruet's Antique Armour Boutique.
 17077 | Vaults:5 | Identified the +4 sling of Woe {heavy, rPois rC- Dex+3}
 17080 | Vaults:5 | Bought a pair of shimmering gloves for 437 gold pieces
 17080 | Vaults:5 | Identified the +1 pair of gloves of the Onion {Harm rPois
                  | Str+3} (You bought it in a shop on level 5 of the Vaults)
 17567 | Vaults:5 | Reached skill level 24 in Axes
 17619 | Vaults:5 | HP: 4/289 [vault warden/+0 war axe (15)]
 17619 | Vaults:5 | Shot with a bolt by a yaktaur captain

Illustrated notes

Levels and vault maps discovered:
D:1:      matt_arrival_refuge, layout_loops_cross,
          dreamdust_ecumenical_altar_angels_and_demons
D:2:      layout_loops_ring, minmay_crystal_water, dreamdust_wishing_well
D:3:      layout_loops_corners, hangedman_glass_teeth, uniq_terence
D:4:      layout_loops_ring, serial_shops, nicolae_diamond_shop
D:5:      layout_loops_cross, serial_glass, glass_columns_a, glass_columns_b,
          serial_shops, nicolae_shop_crystal, shop, nicolae_grassy_gnolls
D:6:      layout_rooms, minmay_temple_entry_large_hall,
          gup_ossuary_entry_pyramid, uniq_eustachio, uniq_duvessa, uniq_menkaure
D:7:      layout_gridville, chequers_arboretum, minmay_nine_imps, uniq_pikel
D:8:      layout_basic, gammafunk_temple_overflow_claw, serial_shops,
          nicolae_lakefront_shop, uniq_erica
D:9:      layout_roguey, lair_entry_dummy, enter_bailey_5
D:10:     layout_basic, minmay_orc_entry_guard_dogs, uniq_maggie
D:11:     layout_rooms, nicolae_tso_carved_into_rock, uniq_nergalle,
          uniq_harold, uniq_josephine
D:12:     layout_basic, st_stairs_12, hangedman_feature_mirror,
          trog_three_pillars_becter
D:13:     layout_stronghold
D:14:     layout_layer_cave, erik_vaults_1, uniq_jorgrun, uniq_louise
Temple:   nicolae_temple_bog_church
Lair:1:   layout_loops_ring, serial_bayou_shore_a
Lair:2:   layout_cave_pods, spider_nest_entry_web_field, minmay_holes,
          st_stairs_7, nzn_masters_of_martial_movement
Lair:3:   layout_long_grid, nicolae_swamp_entry_spooky, lemuel_fruit_fields
Lair:4:   layout_long_grid, nicolae_slime_entry_slimehenge, serial_bayou_pond_d
Lair:5:   cheibrodos_lair_end_hotspot, layout_gridlike, lookout_lair_type
Swamp:1:  layout_basic_swamp, gammafunk_ghost_arena,
          evilmike_swamp_ruin_rubble_2, infiniplex_staircase_pool_2,
          uniq_frances
Swamp:2:  layout_basic_swamp, hangedman_swamp_pad, swamp_pool3,
          nicolae_swamp_snake_nest
Swamp:3:  layout_falls_marsh, evilmike_swamp_ruin_house_6, uniq_bai_suzhen,
          uniq_nikola
Swamp:4:  grunt_swamp_rune_castle, layout_basic_swamp
Spider:1: layout_spider_delve, portal_ice_cave_entry_frozen_things
Spider:2: nicolae_spider_hall_of_the_moth_king
Spider:3: layout_spider_delve
Spider:4: spider_rune_water
Orc:1:    giant_chief_lemuel, layout_caves, gammafunk_ghost_berserking_beasts,
          bh_open_orc_temple
Orc:2:    st_orc_ogre_mass, layout_caves, basic_altar
Vaults:1: grunt_vaults_diagonal, hangedman_vaults_stagger, vaults_dpeg_diagonal,
          ontoclasm_vaults_spin, v_misc_5, nicolae_vaults_alarming, v_pattern_2,
          ontoclasm_vaults_shout, nicolae_vaults_surprise_closet,
          layout_vaults_omnigrid
Vaults:2: nicolae_vaults_storage_closets_1, grunt_vaults_hallway_short,
          hangedman_vaults_snaps, vaults_standard_mumra_lines,
          nicolae_vaults_network_quincunx
          [nicolae_vaults_network_quincunx_subvault,
          nicolae_vaults_network_quincunx_subvault,
          nicolae_vaults_network_quincunx_subvault,
          nicolae_vaults_network_quincunx_subvault,
          nicolae_vaults_network_quincunx_subvault],
          minmay_crypt_entry_simple_corners, nicolae_vaults_big_ls,
          vaults_room_fours, ontoclasm_vaults_pinch,
          nicolae_vaults_offset_grid_hallway_4, nicolae_vaults_prndl,
          nicolae_vaults_tangram_1, nicolae_vaults_trapezoid_3,
          nicolae_vaults_little_squares_5, layout_vaults_maze_snakey,
          serial_shops, shop
Vaults:3: portal_desolation_entry_twin_temple, v_alt_pattern_2,
          hangedman_vaults_corner_blocks, ontoclasm_vaults_ligature,
          ontoclasm_vaults_chip, v_misc_18, nicolae_vaults_murderbox,
          nicolae_vaults_trapezoid_4, vaults_room_pools,
          layout_vaults_big_cross, uniq_sojobo, uniq_saint_roka
Vaults:4: mu_enter_wizlab_4, nicolae_vaults_closet_pinwheel_1,
          vaults_room_pools, v_rooms_5, nicolae_vaults_trapezoid_4, v_rooms_2,
          hangedman_vaults_nails, vaults_room_stairs_pillars,
          nicolae_vaults_storage_closets_3,
          nicolae_vaults_offset_grid_hallway_3,
          hangedman_vaults_stretched_pinwheel, v_misc_28, nicolae_vaults_theta,
          layout_vaults_ring, serial_shops, nicolae_diamond_shop, uniq_aizul
Vaults:5: serial_shops

Skill      XL: |  1  2  3  4  5  6  7  8  9 10 11 12 13 14 15 16 17 18 19 20 21 22 |
---------------+-------------------------------------------------------------------+-----
Axes           | 4 5 7 8 10 11 13 14 16 17 18 19 20 21 22 23 24 | 24.0
Fighting       | 4 5 7 9 10 12 13 14 15 16 17 18 19 | 19.6
Shields        | 4 5 8 9 |  9.6
Armour         | 5 8 10 12 13 14 15 16 17 | 17.7
Evocations     | 2 5 8 9 10 11 13 14 15 16 17 | 17.3
Dodging        | 5 10 11 12 14 | 14.4
Stealth        | 2 4 6 |  6.3

Action                     |  1- 3 |  4- 6 |  7- 9 | 10-12 | 13-15 | 16-18 | 19-21 | 22-24 || total
---------------------------+-------+-------+-------+-------+-------+-------+-------+-------++-------
  Melee: Hand axe          |    58 |   124 |    11 |       |       |       |       |       ||   193
         Punch             |     1 |       |       |       |       |       |       |       ||     1
         Flail             |       |       |   164 |       |    33 |    72 |       |       ||   269
         War axe           |       |       |    76 |   392 |   708 |       |       |       ||  1176
         Broad axe         |       |       |       |       |    98 |   850 |  1093 |   264 ||  2305
         Demon trident     |       |       |       |       |       |       |     2 |       ||     2
 Invoke: Berserk           |       |     1 |       |     3 |     1 |     5 |     2 |     2 ||    14
         Trog's Hand       |       |       |       |       |     1 |     2 |     3 |       ||     6
         Brothers in Arms  |       |       |       |       |       |     5 |     3 |     4 ||    12
  Evoke: Wand              |       |       |     2 |       |     1 |    12 |    11 |     3 ||    29
         Lightning rod     |       |       |       |       |       |    12 |     4 |       ||    16
    Use: Scroll            |       |       |    11 |    11 |    12 |     6 |     6 |       ||    46
         Potion            |       |       |     5 |     2 |     2 |     5 |     4 |    10 ||    28
   Stab: Petrified         |       |       |       |       |     5 |       |       |       ||     5
         Distracted        |       |       |       |       |       |     3 |       |     2 ||     5
         Confused          |       |       |       |       |       |     2 |       |       ||     2
         Held in net/web   |       |       |       |       |       |       |     1 |       ||     1
 Armour: Leather armour    |    23 |     2 |       |       |       |       |       |       ||    25
         Scale mail        |       |    23 |   138 |     1 |       |       |       |       ||   162
         Ring mail         |       |     5 |       |    11 |       |       |       |       ||    16
         Fire dragon scale |       |       |       |   133 |   401 |   308 |       |       ||   842
         Plate armour      |       |       |       |    14 |       |       |       |       ||    14
         Storm dragon scal |       |       |       |       |       |   230 |   324 |    85 ||   639
  Dodge: Dodged            |    42 |    40 |   109 |   127 |   490 |   725 |   745 |   123 ||  2401
  Block: Buckler           |       |    11 |    42 |    72 |   170 |   461 |   526 |   134 ||  1416
         Reflection        |       |       |       |       |       |       |    23 |       ||    23

Table legend: (Time is in decaauts)
 A = Elapsed time spent in this place.
 B = Non-inter-level travel time spent in this place.
 C = Inter-level travel time spent in this place.
 D = Time resting spent in this place.
 E = Time spent auto-exploring this place.
 F = Levels seen in this place.
 G = Mean time per level.
                   A        B        C        D        E       F      G
               +--------+--------+--------+--------+--------+-----+--------+
         Total |  17017 |  14718 |   2299 |    262 |    718 |  38 |  447.8 |
       Dungeon |   6653 |   5666 |    987 |     19 |    530 |  14 |  475.2 |
        Temple |      1 |      1 |      0 |      0 |      0 |   1 |    1.0 |
          Lair |   2555 |   2188 |    367 |     48 |     64 |   5 |  511.0 |
         Swamp |   1884 |   1651 |    233 |     78 |     70 |   4 |  471.0 |
   Spider Nest |   2111 |   1720 |    391 |     40 |      0 |   4 |  527.8 |
  Orcish Mines |    753 |    623 |    130 |      0 |      0 |   2 |  376.5 |
        Vaults |   2094 |   1905 |    189 |     41 |     26 |   5 |  418.8 |
       Ossuary |    275 |    275 |      0 |     10 |      6 |   1 |  275.0 |
        Bailey |    202 |    202 |      0 |      0 |      0 |   1 |  202.0 |
      Ice Cave |    485 |    485 |      0 |     24 |     22 |   1 |  485.0 |
               +--------+--------+--------+--------+--------+-----+--------+

Top non-repeatable levels by time:
Spider:4: 755 daAuts
 Swamp:4: 752 daAuts
Vaults:5: 704 daAuts
     D:7: 702 daAuts
     D:3: 651 daAuts
  Lair:5: 633 daAuts
     D:9: 610 daAuts
    D:10: 565 daAuts
    D:11: 563 daAuts
     D:4: 546 daAuts
  Lair:2: 540 daAuts
     D:6: 540 daAuts
  Lair:3: 530 daAuts
   Orc:1: 517 daAuts
Spider:3: 486 daAuts
